 Dungeon Crawl Stone Soup version 0.26-a0-812-g31a745ddcd (webtiles) character file.

Game seed: 18424144982088370627

18 mkm the Stinger (level 2, 0/15 HPs)
             Began as a Gargoyle Venom Mage on Nov 23, 2020.
             Slain by a kobold (2 damage)
             ... on level 1 of the Dungeon on Nov 24, 2020.
             The game lasted 00:04:46 (743 turns).

mkm the Stinger (Gargoyle Venom Mage)                Turns: 743, Time: 00:04:52

Health: 0/15       AC:  6    Str: 13    XL:     2   Next: 66%
Magic:  1/5        EV: 14    Int: 15    God:
Gold:   17         SH:  0    Dex: 10    Spells: 4/5 levels left

rFire    . . .     SeeInvis .   (no weapon)
rCold    . . .     Faith    .   (no shield)
rNeg     + . .     Spirit   .   a - +0 robe
rPois    ∞         Reflect  .   (no helmet)
rElec    +         Harm     .   (no cloak)
rCorr    .         Rampage  .   (no gloves)
MR       .....                  (no boots)
Stlth    ++........             (no amulet)
HPRegen  0.05/turn              (no ring)
MPRegen  0.09/turn              (no ring)

@: no status effects
A: repulsion field 1, slimy green scales 1, deterioration 1, negative energy
resistance 1, electricity resistance, strong 1, unbreathing, petrification
resistance, rot immunity, AC +2
a: no special abilities


You were on level 1 of the Dungeon.
You visited 1 branch of the dungeon, and saw 2 of its levels.

You collected 17 gold pieces.

Inventory:

Armour
 a - a +0 robe (worn)
Scrolls
 b - a scroll of identify


   Skills:
 + Level 1.7 Dodging
 + Level 2.4 Stealth
 + Level 0.5 Unarmed Combat
 + Level 2.1 Spellcasting
 + Level 0.8 Transmutations
 + Level 3.4 Poison Magic


You had 4 spell levels left.
You knew the following spells:

 Your Spells              Type           Power        Failure   Level
a - Sting                 Tmut/Pois      #...         10%         1

Your spell library contained the following spells:

 Spells                   Type           Power        Failure   Level
 Poisonous Vapours        Pois/Air       #.....       16%         2
 Ignite Poison            Fire/Tmut/Pois #.......     36%         3
 Mephitic Cloud           Conj/Pois/Air  #.......     38%         3
 Olgreb's Toxic Radiance  Pois           ##......     47%         4


Dungeon Overview and Level Annotations

Branches:
Dungeon (2/15)

Altars:


Innate Abilities, Weirdness & Mutations

You are resistant to torment.
Your stone body is resilient. (AC +2)
You are immune to poison.
You resist negative energy. (rN+)
You are resistant to electric shocks. (rElec)
You can survive without breathing.
You are immune to petrification.
You are immune to rotting.
You are surrounded by a mild repulsion field. (EV +2)
You are partially covered in slimy green scales. (AC +2)
Your body sometimes deteriorates upon taking damage.
Your muscles are strong. (Str +2)


Message History

The rat barely misses you.
The giant cockroach bites you but does no damage.
The kobold misses you.
You hit the rat.
You kill the rat!
The kobold misses you. The giant cockroach bites you. The kobold hits you.
* * * LOW HITPOINT WARNING * * *
The kobold closely misses you.
The giant cockroach bites you but does no damage.
The kobold hits you.
* * * LOW HITPOINT WARNING * * *
You climb upwards.
There is a stone staircase leading down here.
It was a potion of mutation.
You feel extremely strange.
Slimy green scales grow over part of your body.
You feel yourself wasting away.
You feel stronger.
You begin to radiate repulsive energy.
The giant cockroach bites you but does no damage.
The kobold hits you but does no damage. The kobold hits you.
You die...

#.##.#...####....###.....#....##
#.##............## #.###....#..#
#.####..#####...# #.# ##.#.##..
#.# #...###..#.####.####.#....#
##.# #.#.....##...[.....#.#.##..
...# ##......###.##.####...#.###.
######...##..###....#..##........
#####..#.###...KB###...###†#.####
....#.#..# #..#.@.....## #.#.# #
###......###....#K###.####...# #
###.#..>...............##..#
#...####....##.......##..#
#######...####.......##.#####
#.....## ######.........# #.....#
#.........# #...### #.........#
##### ###########


You could see a giant cockroach and 2 kobolds.

Vanquished Creatures
  A dart slug (D:1)
  3 bats (D:1)
  A giant cockroach (D:1)
  2 hobgoblins
  2 kobolds
  3 goblins
  5 rats
17 creatures vanquished.

Notes
Turn   | Place    | Note
-------+----------+-------------------------------------------
     0 | D:1      | mkm the Gargoyle Venom Mage began the quest for the Orb.
     0 | D:1      | Reached XP level 1. HP: 10/10 MP: 3/3
   149 | D:1      | Reached XP level 2. HP: 15/15 MP: 0/5
   743 | D:1      | Gained mutation: You are partially covered in slimy green
                  | scales. (AC +2) [potion of mutation]
   743 | D:1      | Gained mutation: Your body sometimes deteriorates upon
                  | taking damage. [potion of mutation]
   743 | D:1      | Gained mutation: Your muscles are strong. (Str +2) [potion
                  | of mutation]
   743 | D:1      | Gained mutation: You are surrounded by a mild repulsion
                  | field. (EV +2) [potion of mutation]
   743 | D:1      | Slain by a kobold

Illustrated notes

Levels and vault maps discovered:
D:1:      dpeg_arrival_tiny_a, layout_rooms
D:2:      layout_rooms, uniq_sigmund

Action                   || total
-------------------------++-------
Melee: Unarmed           ||    41
 Cast: Sting             ||    21
  Use: Scroll            ||     4
       Potion            ||     2
Armor: Robe              ||    25
Dodge: Dodged            ||    58

Table legend: (Time is in decaauts)
 A = Elapsed time spent in this place.
 B = Non-inter-level travel time spent in this place.
 C = Inter-level travel time spent in this place.
 D = Time resting spent in this place.
 E = Time spent auto-exploring this place.
 F = Levels seen in this place.
 G = Mean time per level.
                   A        B        C        D        E       F      G
               +--------+--------+--------+--------+--------+-----+--------+
         Total |    743 |    709 |     34 |      0 |    560 |   2 |  371.5 |
       Dungeon |    743 |    709 |     34 |      0 |    560 |   2 |  371.5 |
               +--------+--------+--------+--------+--------+-----+--------+

Top non-repeatable levels by time:
     D:1: 719 daAuts
     D:2: 23 daAuts
